 Dungeon Crawl Stone Soup version 0.30.0-17-ge0270778cf (webtiles) character file.

Game seed: 14848134544995585867

65157 browni3141 the Sorcerer (level 14, -5/99 HPs)
             Began as a Mummy Summoner on May 21, 2023.
             Was the Champion of Kikubaaqudgha.
             Shot with an arrow by a centaur (11 damage)
             ... led by a centaur warrior
             ... on level 13 of the Dungeon.
             The game lasted 01:04:13 (20521 turns).

browni3141 the Sorcerer (Mummy Summoner)           Turns: 20521, Time: 01:04:13

Health: -5/99      AC:  5    Str: 15    XL:     14   Next: 74%
Magic:  39/48      EV: 14    Int: 24    God:    Kikubaaqudgha [******]
Gold:   1822       SH:  0    Dex: 16    Spells: 6/55 levels left

rFire   + . .        q - +1 scythe (freeze)
rCold   + + +        (shield currently unavailable)
rNeg    + + +        h - +1 robe of the Armoured One {Rampage MP+9 Stlth- Archmagi}
rPois   ∞            v - +0 helmet
rElec   .            b - scarf {rC+ rF+}
rCorr   +            (no gloves)
SInv    .            R - +0 pair of boots
Will    +....        E - amulet "Umeqizxef" {RegenMP *Slow rC+ rCorr Dex+3}
Stlth   +            I - ring "Utyci" {rF+ Str+3 Int+6}
HPRegen 0.36/turn    Y - ring of wizardry
MPRegen 0.71/turn

%: slow self (1%), rampage, faith, wizardry (x1), archmagi
@: no status effects
A: cold resistance 1, negative energy resistance 3, torment resistance 2, heat
vulnerability 1, in touch with death 2, no potions, faith
a: Renounce Religion, Unearth Wretches, Torment


You were on level 13 of the Dungeon.
You worshipped Kikubaaqudgha.
Kikubaaqudgha was exalted by your worship.
You visited 4 branches of the dungeon, and saw 21 of its levels.
You also visited: Ice Cave.

You collected 1822 gold pieces.

Inventory:

Hand Weapons
 q - a +1 scythe of freezing (weapon)
Missiles
 J - 45 poisoned darts
 N - a curare-tipped dart
 T - 9 boomerangs
 Z - 3 throwing nets
Armour
 a - a +0 pair of gloves
 b - a scarf of resistance (worn)
 h - the +1 robe of the Armoured One (worn) {Rampage MP+9 Stlth- Archmagi}
   (You found it on level 2 of the Dungeon)

   MP:        It affects your magic capacity (+9).
   Rampage:   It bestows one free step when moving towards enemies.
   Archmagi:  It increases the power of your magical spells.
   Stlth:     It makes you less stealthy.
 l - a +1 tower shield of cold resistance
 v - a +0 helmet (worn)
 w - an orb of guile
 R - a +0 pair of boots (worn)
 U - a +0 helmet
Magical Staves
 s - a staff of conjuration
 t - a staff of earth
Jewellery
 e - a +4 ring of protection
 i - an amulet of guardian spirit
 m - a ring of protection from cold
 p - an amulet of regeneration
 x - a +4 ring of protection
 E - the amulet "Umeqizxef" (around neck) {RegenMP *Slow rC+ rCorr Dex+3}
   (You found it on level 3 of the Lair of Beasts)

   [amulet of magic regeneration]

   It increases your rate of magic regeneration.
   Dex:       It affects your dexterity (+3).
   rC:        It protects you from cold.
   rCorr:     It protects you from acid and corrosion.
   *Slow:     It may slow you when you take damage.
 G - a +6 ring of intelligence
 I - the ring "Utyci" (left hand) {rF+ Str+3 Int+6}
   (You found it on level 1 of the Orcish Mines)

   [ring of intelligence]

   Str:       It affects your strength (+3).
   Int:       It affects your intelligence (+6).
   rF:        It protects you from fire.
 M - the ring of Saphenli {rN+ MP+9 Str+5 Int-2}
   (You found it on level 10 of the Dungeon)

   [ring of magical power]

   Str:       It affects your strength (+5).
   Int:       It affects your intelligence (-2).
   rN:        It protects you from negative energy.
   MP:        It affects your magic capacity (+9).
 O - a ring of resist corrosion
 P - a ring of flight
 Q - a +6 ring of dexterity
 W - a ring of ice
 Y - a ring of wizardry (right hand)
Wands
 u - a wand of charming (20)
 A - a wand of acid (6)
 B - a wand of digging (6)
 H - a wand of mindburst (12)
 K - a wand of roots (2)
 V - a wand of flame (32)
Scrolls
 c - 5 scrolls of noise
 d - 2 scrolls of magic mapping
 f - 2 scrolls of immolation
 g - 4 scrolls of fear
 j - 8 scrolls of poison
 k - 8 scrolls of teleportation
 n - a scroll of summoning
 o - 2 scrolls of vulnerability
 r - 11 scrolls of identify
 y - a scroll of silence
 z - 3 scrolls of enchant armour
 F - 4 scrolls of fog
 L - 2 scrolls of enchant weapon
 X - 2 scrolls of brand weapon
Miscellaneous
 C - a tin of tremorstones (2/2)
 D - a phantom mirror (inert)
 S - a phial of floods


   Skills:
 + Level 5.8 Fighting
 + Level 5.1 Dodging
 - Level 1.5 Stealth
 * Level 21.0 Spellcasting
 - Level 7.0 Summonings
 * Level 15.5 Necromancy
 - Level 3.0 Ice Magic


You had 6 spell levels left.
You knew the following spells:

 Your Spells              Type           Power      Damage    Failure   Level
a - Call Canine Familiar  Summ           73%        N/A       1%          3
b - Cigotuvi's Dreadful   Necr/Pois/Air  100%       N/A       1%          2
c - Anguish               Hex/Necr       59%        N/A       1%          4
d - Death Channel         Necr           73%        N/A       1%          6
e - Borgnjor's Vile Clut  Necr/Erth      59%        N/A       1%          5
f - Simulacrum            Ice/Necr       62%        N/A       2%          6
g - Summon Guardian Gole  Hex/Summ       58%        N/A       1%          3
h - Infestation           Necr           73%        N/A       8%          8
l - Summon Lightning Spi  Summ/Air       58%        N/A       1%          4
u - Dispel Undead         Necr           100%       3d31      1%          4
v - Vampiric Draining     Necr           100%       2d13      0%          3
z - Summon Small Mammal   Summ           100%       N/A       1%          1

Your spell library contained the following spells:

 Spells                   Type           Power      Damage    Failure   Level
 Necrotise                Necr           100%       1d9       0%          1
 Kiss of Death            Conj/Necr      100%       2d13      1%          1
 Shock                    Conj/Air       100%       1d9       1%          1
 Sting                    Tmut/Pois      100%       1d8       1%          1
 Call Imp                 Summ           100%       N/A       1%          2
 Ensorcelled Hibernation  Hex/Ice        96%        N/A       1%          2
 Passwall                 Tmut/Erth      30%        N/A       1%          2
 Poisonous Vapours        Pois/Air       74%        N/A       1%          2
 Dazzling Flash           Conj/Hex       74%        N/A       1%          3
 Inner Flame              Hex/Fire       37%        N/A       1%          3
 Ozocubu's Armour         Ice            56%        N/A       1%          3
 Swiftness                Air            37%        N/A       1%          3
 Volatile Blastmotes      Fire/Tloc      74%        2d16      1%          3
 Animate Armour           Summ/Erth      100%       N/A       1%          4
 Agony                    Necr           100%       N/A       1%          5
 Airstrike                Air            18%        2d(3-19)  7%          4
 Flame Wave               Conj/Fire      37%        2d10      7%          4
 Iskenderun's Mystic Bla  Conj/Tloc      37%        2d9       7%          4
 Olgreb's Toxic Radiance  Pois           37%        N/A       7%          4
 Sticky Flame             Conj/Fire      37%        2d6       7%          4
 Metabolic Englaciation   Hex/Ice        24%        N/A       11%         5
 Conjure Ball Lightning   Conj/Air       18%        3x3d6     67%         6
 Iron Shot                Conj/Erth      18%        9d4       67%         6
 Starburst                Conj/Fire      18%        6d7       67%         6
 Haunt                    Necr/Summ      66%        N/A       6%          7
 Summon Hydra             Summ           36%        N/A       32%         7
 Discord                  Hex            18%        N/A       100%        8
 Disjunction              Tloc           18%        N/A       100%        8
 Sublimation of Blood     Necr           Unusable   N/A       N/A         2
 Wereblood                Tmut           Unusable   N/A       N/A         2
 Blade Hands              Tmut           Unusable   N/A       N/A         5

Dungeon Overview and Level Annotations

Branches:
Dungeon (13/15)            Temple (1/1) D:5            Lair (5/5) D:10
  Swamp (0/4) Lair:3        Snake (0/4) Lair:3        Slime (0/5) Lair:4
    Orc (2/2) D:11            Elf (0/3) Orc:2         IceCv (visited)
 Vaults: D:13-14

Altars:
Ashenzari
Cheibriados
Dithmenos
Fedhas
Gozag
Hepliaklqana
Kikubaaqudgha
Makhleb
Nemelex Xobeh
Okawaru
Qazlal
Ru
Sif Muna
Trog
Uskayaw
Vehumet
Wu Jian
Xom
Yredelemnul
Jiyva

Shops:
D:13 *   Orc:1 ?   Orc:2 ([=*

Annotations:
D:13 Urug
Lair:1 1 runed translucent door, exclusion: door
Lair:4 2 transporters


Innate Abilities, Weirdness & Mutations

You are immune to poison.
Your flesh is cold resistant. (rC+)
You are immune to negative energy. (rN+++)
You are immune to unholy pain and torment.
You are vulnerable to heat. (rF-)
You are strongly in touch with the powers of death.
You do not drink.
You have a special connection with the divine. (Faith)


Message History

Your death scarab draws strength from the large slime creature's injuries!
Your death scarab bites the large slime creature!!
Your death scarab drains the large slime creature's vigour!
The large slime creature seems to slow down.
Your death scarab draws strength from the large slime creature's injuries!
Your death scarab bites the large slime creature!
Your death scarab drains the large slime creature's vigour!
The large slime creature seems to slow down.
Your death scarab draws strength from the large slime creature's injuries!
Your death scarab barely misses the large slime creature.
Your death scarab bites the large slime creature!
Your death scarab drains the large slime creature's vigour!
The large slime creature seems to slow down.
Your death scarab draws strength from the large slime creature's injuries!
Your death scarab bites the large slime creature!!
Your death scarab drains the large slime creature's vigour!
The large slime creature seems to slow down.
Your death scarab draws strength from the large slime creature's injuries!
Your death scarab bites the large slime creature!!
The large slime creature dies!
Kikubaaqudgha accepts your kill.
A death scarab bursts from the large slime creature!
You swap places.
You swap places.
You swap places.
You swap places.
You swap places.
You swap places.
A centaur comes into view. It is wielding a +0 rapier.
The centaur moves out of view.
The centaur shouts!
You hear a shout!
The centaur warrior wields a +0 shortbow.
The centaur warrior shoots an arrow.
The arrow hits your death scarab!
The centaur unwields a +0 rapier.
The centaur wields a +2 heavy shortbow.
The centaur shoots an arrow.
The arrow hits your death scarab!
An arrow appears from out of your range of vision.
The arrow closely misses your death scarab.
A centaur comes into view. It is wielding a +0 shortbow.
The centaur shoots an arrow.
The arrow hits your death scarab!
Your death scarab bites the centaur!
Your death scarab drains the centaur's vigour!
The centaur seems to slow down.
Your death scarab draws strength from the centaur's injuries!
Your death scarab bites the centaur!
The centaur dies!
Kikubaaqudgha accepts your kill.
The centaur shoots an arrow.
The arrow barely misses you.
Your death scarab bites the centaur warrior.
Your death scarab draws strength from the centaur warrior's injuries!
The centaur warrior shoots an arrow.
The arrow hits you!
The centaur shoots an arrow.
The arrow hits you!
* * * LOW HITPOINT WARNING * * *
The centaur warrior shoots an arrow.
The arrow hits you!!
* * * LOW HITPOINT WARNING * * *
You see here 2 scrolls of identify.
Your death scarab bites the centaur warrior.
Your death scarab draws strength from the centaur warrior's injuries!
Your death scarab bites the centaur warrior!
Your death scarab drains the centaur warrior's vigour!
The centaur warrior seems to slow down.
Your death scarab draws strength from the centaur warrior's injuries!
The centaur warrior shoots an arrow.
The arrow hits your warg!
Your warg dies!
Your warg's corpse disappears in a puff of smoke!
The centaur shoots an arrow.
The arrow hits you!
* * * LOW HITPOINT WARNING * * *
Your death scarab bites the centaur warrior!
Your death scarab drains the centaur warrior's vigour!
The centaur warrior seems to slow down.
Your death scarab draws strength from the centaur warrior's injuries!
Aiming: Phantom Mirror
Press: ? - help, Dir - move target, f - centaur
Aim: a centaur, wielding a +0 shortbow You reflect the centaur with the mirror!
The mirror clouds!
Your death scarab barely misses the centaur warrior. x2
Your death scarab bites the centaur warrior!!
Your death scarab drains the centaur warrior's vigour!
The centaur warrior seems to slow down.
Your death scarab draws strength from the centaur warrior's injuries!
Your death scarab bites the centaur warrior.
The centaur warrior dies!
Kikubaaqudgha accepts your kill.
The centaur shoots an arrow.
The arrow hits you!
* * * LOW HITPOINT WARNING * * *
The centaur shoots an arrow.
The arrow barely misses you.
Your centaur shoots an arrow.
The arrow closely misses the centaur.
Your death scarab bites the centaur.
Your death scarab drains the centaur's vigour!
The centaur seems to slow down.
Your death scarab draws strength from the centaur's injuries!
The centaur shoots an arrow.
The arrow hits you.
* * * LOW HITPOINT WARNING * * *
A cyclops comes into view.
Your death scarab barely misses the centaur. x2
The centaur shoots an arrow.
The arrow barely misses your death scarab.
The arrow hits you!
You die...
Kikubaaqudgha rasps: "You have failed me!
Welcome... oblivion!"

............... ......
........ ..cBc###..)...C
<....... .BB..#........
.)...... ##..B.........
.......# ##.............
...#######..............
...##§§§##.....?.......#
...#♣§§§♣#........).....
...#♣§§§♣#......@.......
...#..⌠..#......B...##..
.#..................#
.......................
..##..⌠..###..#[.....##
####♣...♣##..........#
♣♣∩♣♣#....#........ ♣♣♣
#..#.......... #....


You could see a cyclops, a centaur (slow, ally target), 5 friendly death scarabs
and a friendly centaur (summoned, drained).

Vanquished Creatures
  The ghost of rpophessagr the Bludgeoner, a journeyman HOMo of Ashenzari (Orc:1)
  A reaper (IceCv)
  An ettin (Orc:1)
  A hydra (Lair:4)
  4 two-headed ogres
  2 death yaks (Lair:1)
  Amaemon (Lair:2)
  A wolf spider (Lair:5)
  A manticore (D:12)
  A guardian serpent (Lair:5)
  A cyclops (D:12)
  An ice statue (IceCv)
  4 black mambas
  2 cane toads
  A gargoyle (D:12)
  2 komodo dragons
  An anaconda simulacrum (IceCv)
  3 ice devils (IceCv)
  2 polar bears (Lair:2)
  2 trolls
  A yak (Lair:3)
  A spriggan (Lair:4)
  A wraith (D:7)
  3 wyverns
  A human (Lair:1)
  2 neqoxecs (Orc:1)
  An unseen horror simulacrum (D:6)
  A death yak simulacrum (IceCv)
  7 vampire mosquitoes
  7 water moccasins
  A black bear (Lair:4)
  An ice beast (D:5)
  3 ogres
  An orc warrior (Orc:2)
  A wolf (Lair:4)
  3 centaurs
  A phantom (D:5)
  2 kobold brigands (D:7)
  8 bullfrogs
  2 two-headed ogre simulacra (IceCv)
  A wight (D:7)
  An elephant simulacrum (IceCv)
  2 electric eels (D:8)
  A gnoll bouda (D:5)
  A hound (D:6)
  A quasit (Orc:1)
  A jelly (D:7)
  An orc priest (D:8)
  An iguana (D:7)
  3 orc wizards
  3 troll simulacra (IceCv)
  A polar bear simulacrum (IceCv)
  A centaur simulacrum (D:6)
  3 gnolls (D:5)
  An adder (D:2)
  2 naga simulacra (IceCv)
  A howler monkey simulacrum (D:6)
  A white imp (IceCv)
  4 ufetubi
  A dart slug (D:1)
  17 orcs
  2 bats (D:2)
  11 endoplasms
  4 goblins (D:4)
  A hobgoblin (D:1)
  2 jackals (D:3)
  7 kobolds
  2 quokkas
  4 ball pythons
  2 frilled lizards
  5 rats
169 creatures vanquished.

Vanquished Creatures (collateral kills)
  An orc warlord (Orc:2)
  The ghost of ebarrett the Carver, a journeyman BaBe of Trog (Lair:4)
  Snorg (Lair:4)
  2 hydras
  A catoblepas (Lair:3)
  A centaur warrior (D:13)
  A boulder beetle (D:11)
  2 two-headed ogres
  3 death yaks (Lair:1)
  2 skysharks
  2 orc high priests
  Nergalle (Orc:2)
  2 bog bodies (Lair:3)
  4 orc knights
  4 orc sorcerers
  A wolf spider (Lair:5)
  The ghost of SkeletonJelly the Grave Robber, a novice DsRe (D:6)
  2 elephants
  9 slime creatures
  8 black mambas
  An ice statue (IceCv)
  8 cane toads
  2 gargoyles
  4 komodo dragons
  An unseen horror (D:12)
  A rime drake (Lair:4)
  3 ice devils (IceCv)
  2 trolls
  2 hornets (Lair:5)
  2 polar bears
  4 blink frogs (Lair:2)
  13 wyverns
  A vampire (D:11)
  8 yaks
  2 redbacks (Lair:5)
  4 basilisks
  4 vampire mosquitoes
  A naga (Lair:3)
  3 wargs
  A hydra simulacrum (IceCv)
  2 acid dragons
  18 water moccasins
  21 orc warriors
  7 black bears
  4 centaurs
  2 ogres (Orc:2)
  A wolf (Lair:4)
  2 phantoms
  2 kobold brigands
  5 bullfrogs
  2 gnoll sergeants
  A cane toad simulacrum (IceCv)
  2 two-headed ogre simulacra (IceCv)
  A scorpion (D:6)
  7 wights
  A killer bee (D:9)
  An electric eel (Lair:5)
  A howler monkey (D:10)
  3 quasits (Orc:1)
  10 orc priests
  2 jellies (D:6)
  2 gnoll boudas
  2 sleepcaps (D:5)
  3 iguanas
  13 orc wizards
  5 hell rats (Lair:1)
  Ijyb (D:4)
  3 polar bear simulacra (IceCv)
  A centaur simulacrum (D:6)
  A howler monkey zombie (D:6)
  23 gnolls
  3 adders
  An ufetubus (IceCv)
  2 worms
  4 dart slugs
  37 orcs
  3 bats
  8 endoplasms
  7 giant cockroaches
  6 goblins
  2 hobgoblins (D:1)
  11 jackals
  19 kobolds
  3 quokkas
  A frilled lizard (D:3)
372 creatures vanquished.

Vanquished Creatures (others)
  A death yak (Lair:1)
  2 two-headed ogres
  An orange demon (Lair:2)
  An efreet (D:13)
  Maggie (D:7)
  3 polar bears
  A troll (D:9)
  A slime creature (D:6)
  Sigmund (D:5)
  A yak (Lair:3)
  A wyvern (D:9)
  A steam dragon (D:6)
  A black bear (D:4)
  2 wolves (Lair:4)
  2 centaurs
  A kobold brigand (D:9)
  5 wights (D:6)
  3 killer bees (D:9)
  A jelly (D:6)
  A gnoll (D:10)
  7 endoplasms (D:6)
38 creatures vanquished.

Grand Total: 579 creatures vanquished

Notes
Turn   | Place    | Note
-------+----------+-------------------------------------------
     0 | D:1      | browni3141 the Mummy Summoner began the quest for the Orb.
     0 | D:1      | Reached XP level 1. HP: 13/13 MP: 4/4
    51 | D:1      | Reached skill level 3 in Spellcasting
   190 | D:1      | Reached XP level 2. HP: 13/20 MP: 4/6
   193 | D:1      | Learned a level 2 spell: Call Imp
   362 | D:1      | Found a faded altar of an unknown god.
  1116 | D:1      | You fall into a shaft and drop 1 floor!
  1233 | D:2      | Gained mutation: You are in touch with the powers of death.
                  | [Mummy growth]
  1233 | D:2      | Reached XP level 3. HP: 26/26 MP: 8/8
  1237 | D:2      | Learned a level 3 spell: Call Canine Familiar
  1250 | D:2      | Found a shimmering altar of Xom.
  1255 | D:2      | Identified the +1 robe of the Armoured One {Rampage MP+9
                  | Stlth- Archmagi}
  1400 | D:2      | Reached skill level 4 in Spellcasting
  1571 | D:2      | Reached XP level 4. HP: 24/32 MP: 10/10
  2421 | D:3      | Reached skill level 5 in Spellcasting
  2724 | D:3      | Reached XP level 5. HP: 35/37 MP: 12/12
  2815 | D:3      | Learned a level 3 spell: Summon Guardian Golem
  3135 | D:4      | Reached skill level 6 in Spellcasting
  3621 | D:4      | Reached XP level 6. HP: 32/43 MP: 15/15
  3878 | D:4      | Noticed Ijyb
  3906 | D:4      | Killed Ijyb
  4142 | D:4      | Reached skill level 7 in Spellcasting
  4200 | D:5      | Entered Level 5 of the Dungeon
  4284 | D:5      | Noticed Sigmund
  4304 | D:5      | Killed Sigmund
  4305 | D:5      | Reached skill level 8 in Spellcasting
  4305 | D:5      | Reached XP level 7. HP: 48/48 MP: 17/18
  4517 | D:5      | Reached skill level 9 in Spellcasting
  4521 | D:5      | Reached XP level 8. HP: 53/54 MP: 20/21
  4745 | D:5      | Reached skill level 10 in Spellcasting
  4933 | D:5      | Noticed a two-headed ogre
  4940 | D:5      | Killed a two-headed ogre
  4941 | D:5      | Reached skill level 11 in Spellcasting
  4941 | D:5      | Reached skill level 6 in Summonings
  5072 | D:5      | Found a staircase to the Ecumenical Temple.
  5198 | Temple   | Entered the Ecumenical Temple
  5763 | Temple   | Became a worshipper of Kikubaaqudgha
  5769 | Temple   | Learned a level 4 spell: Summon Lightning Spire
  5961 | D:6      | Reached XP level 9. HP: 59/59 MP: 23/24
  6149 | D:6      | Reached * piety under Kikubaaqudgha
  6149 | D:6      | Received a gift from Kikubaaqudgha
  6155 | D:6      | Learned a level 3 spell: Vampiric Draining
  6165 | D:6      | Reached skill level 12 in Spellcasting
  6214 | D:6      | Reached skill level 3 in Necromancy
  6665 | D:6      | Found a runed translucent gate.
  6666 | D:6      | Found a runed translucent gate.
  6667 | D:6      | Found a runed translucent gate.
  6669 | D:6      | Noticed SkeletonJelly's ghost (novice DsRe)
  6938 | D:7      | Reached ** piety under Kikubaaqudgha
  7114 | D:7      | Reached skill level 13 in Spellcasting
  7189 | D:7      | Learned a level 2 spell: Cigotuvi's Dreadful Rot
  7232 | D:7      | Found a faded altar of an unknown god.
  7232 | D:7      | Found the Hermit's Pendant {Faith Invo=14 Evo=0 MP+5}
  7550 | D:7      | Reached XP level 10. HP: 32/65 MP: 27/27
  7658 | D:7      | Noticed Maggie
  7683 | D:7      | Killed Maggie
  8020 | D:8      | Reached skill level 6 in Necromancy
  8296 | D:8      | Reached *** piety under Kikubaaqudgha
  8296 | D:8      | Received a gift from Kikubaaqudgha
  8302 | D:8      | Learned a level 4 spell: Anguish
  8309 | D:8      | Learned a level 6 spell: Death Channel
  8315 | D:8      | Learned a level 5 spell: Borgnjor's Vile Clutch
  8352 | D:8      | Found a transporter.
  8409 | D:8      | Found a transporter.
  8422 | D:8      | Noticed a two-headed ogre
  8435 | D:8      | Killed a two-headed ogre
  8545 | D:8      | Reached skill level 14 in Spellcasting
  9444 | D:9      | Reached **** piety under Kikubaaqudgha
  9738 | D:9      | Noticed a two-headed ogre
  9745 | D:9      | Killed a two-headed ogre
  9746 | D:9      | Reached skill level 15 in Spellcasting
  9813 | D:10     | Entered Level 10 of the Dungeon
  9848 | D:10     | Reached XP level 11. HP: 70/70 MP: 30/30
  9942 | D:10     | Identified the ring of Saphenli {rN+ MP+9 Str+5 Int-2}
 10143 | D:10     | Found a staircase to the Lair.
 10157 | D:10     | Reached skill level 9 in Necromancy
 10580 | D:10     | Learned a level 6 spell: Simulacrum
 10621 | Lair:1   | Entered Level 1 of the Lair of Beasts
 10844 | Lair:1   | Noticed a skyshark
 10850 | Lair:1   | Killed a skyshark
 10855 | Lair:1   | Noticed a five-headed hydra
 10861 | Lair:1   | Killed a five-headed hydra
 11018 | Lair:1   | Identified the +6 rapier of the Golden God {heavy, Fly}
 11092 | Lair:1   | Reached skill level 16 in Spellcasting
 11324 | Lair:1   | Noticed a death yak
 11324 | Lair:1   | Noticed a death yak
 11324 | Lair:1   | Noticed a death yak
 11328 | Lair:1   | Noticed a death yak
 11329 | Lair:1   | Noticed a death yak
 11329 | Lair:1   | Noticed a death yak
 11336 | Lair:1   | Killed a death yak
 11337 | Lair:1   | Killed a death yak
 11346 | Lair:1   | Killed a death yak
 11347 | Lair:1   | Killed a death yak
 11348 | Lair:1   | Killed a death yak
 11350 | Lair:1   | Killed a death yak
 11673 | Lair:1   | Found a runed translucent door.
 11675 | Lair:1   | Noticed a reaper
 11797 | Lair:2   | Reached XP level 12. HP: 46/76 MP: 32/32
 11825 | Lair:2   | Reached skill level 17 in Spellcasting
 11915 | Lair:2   | Reached ***** piety under Kikubaaqudgha
 12065 | Lair:2   | Noticed Amaemon
 12079 | Lair:2   | Killed Amaemon
 12080 | Lair:2   | Reached skill level 3 in Ice Magic
 12723 | Lair:3   | Found a staircase to the Swamp.
 12845 | Lair:3   | Identified the +0 plate armour of Scuffed Happiness {Harm}
 12932 | Lair:3   | Noticed a catoblepas
 12939 | Lair:3   | Killed a catoblepas
 12940 | Lair:3   | Reached skill level 12 in Necromancy
 13046 | Lair:3   | Identified the amulet "Umeqizxef" {RegenMP *Slow rC+ rCorr
                  | Dex+3}
 13148 | Lair:3   | Reached skill level 18 in Spellcasting
 13532 | Lair:3   | Found a staircase to the Snake Pit.
 13907 | Lair:4   | Noticed an eight-headed hydra
 13914 | Lair:4   | Killed an eight-headed hydra
 13927 | Lair:4   | Identified the +1 buckler of Sophism {Harm rF+}
 13968 | Lair:4   | Noticed Snorg
 13976 | Lair:4   | Killed Snorg
 13981 | Lair:4   | Found a staircase to the Slime Pits.
 13982 | Lair:4   | Found a viscous altar of Jiyva.
 14107 | Lair:4   | Found a transporter.
 14134 | Lair:4   | Gained mutation: You are strongly in touch with the powers
                  | of death. [Mummy growth]
 14134 | Lair:4   | Reached XP level 13. HP: 76/81 MP: 29/35
 14139 | Lair:4   | Found a transporter.
 14209 | Lair:4   | Noticed ebarrett's ghost (journeyman BaBe)
 14223 | Lair:4   | Found a runed translucent gate.
 14223 | Lair:4   | Found a runed translucent gate.
 14224 | Lair:4   | Found a runed translucent gate.
 14666 | Lair:4   | Killed ebarrett's ghost
 14758 | Lair:4   | Reached skill level 19 in Spellcasting
 15020 | D:6      | Killed SkeletonJelly's ghost
 15036 | D:6      | Learned a level 4 spell: Dispel Undead
 15044 | D:6      | Learned a level 7 spell: Summon Hydra
 15314 | Lair:5   | Entered Level 5 of the Lair of Beasts
 15497 | Lair:5   | Reached ****** piety under Kikubaaqudgha
 15664 | Lair:5   | Reached skill level 3 in Fighting
 15760 | Lair:5   | Reached skill level 3 in Dodging
 16106 | Lair:5   | Received a gift from Kikubaaqudgha
 16509 | D:10     | Learned a level 8 spell: Infestation
 16627 | D:11     | Found a frozen archway.
 16694 | IceCv    | Entered an ice cave
 16836 | IceCv    | Reached skill level 20 in Spellcasting
 17086 | IceCv    | Noticed a reaper
 17096 | IceCv    | Killed a reaper
 17097 | IceCv    | Reached XP level 14. HP: 95/95 MP: 38/38
 17423 | D:11     | Found a staircase to the Orcish Mines.
 17553 | Orc:1    | Entered Level 1 of the Orcish Mines
 17662 | Orc:1    | Found a transporter.
 17674 | Orc:1    | Noticed rpophessagr's ghost (journeyman HOMo)
 17675 | Orc:1    | Found Neblim's Magic Scroll Shop.
 17694 | Orc:1    | Found a transporter.
 17725 | Orc:1    | Killed rpophessagr's ghost
 17732 | Orc:1    | Got the ring "Utyci" {rF+ Str+3 Int+6}
 18015 | Orc:2    | Entered Level 2 of the Orcish Mines
 18168 | Orc:2    | Found a staircase to the Elven Halls.
 18273 | Orc:2    | Noticed an orc warlord
 18278 | Orc:2    | Killed an orc warlord
 18280 | Orc:2    | Noticed Nergalle
 18283 | Orc:2    | Reached skill level 15 in Necromancy
 18285 | Orc:2    | Killed Nergalle
 18291 | Orc:2    | Found Tatokh's General Store.
 18296 | Orc:2    | Found Pyty's Antique Armour Shop.
 18395 | Orc:2    | Found Kept's Antique Weapon Shop.
 18400 | Orc:2    | Found Loanopur's Jewellery Shop.
 18846 | Orc:2    | Found a radiant altar of Vehumet.
 20159 | D:13     | Noticed Urug
 20491 | D:13     | Found Vusontita's Fire Supplies.
 20493 | D:13     | Reached skill level 21 in Spellcasting
 20521 | D:13     | Shot with an arrow by a centaur

Illustrated notes

Levels and vault maps discovered:
D:1:      elethiomel_arrival_shortcut, layout_loops_corners,
          shapermc_ecumenical_altar_ellora, st_stairs_12,
          dreamdust_princess_bridge
D:2:      layout_basic, basic_altar, serial_glass, glass_columns_a,
          glass_columns_a
D:3:      layout_rooms, nicolae_overflow_hidden_temple, patterned_corridor
D:4:      kennysheep_goblin_castle, layout_basic
D:5:      layout_basic, temple_hall, grunt_decor_clamped, uniq_sigmund
D:6:      lemuel_slime, layout_basic, gammafunk_ghost_necromancy
D:7:      lemuel_ice_spiral_2, layout_basic, minmay_misc_feat_diagonals,
          hellmonk_guarded_unrand_hermit, uniq_maggie
D:8:      gammafunk_steamed_eel, layout_cave_pods
D:9:      layout_stronghold, nicolae_benzene_ring, kennysheep_potato
D:10:     layout_long_grid, david_lair_generic
D:11:     layout_big_octagon, orc_0_dummy, portal_ice_cave_entry_pillars_2,
          minmay_crystal_water
D:12:     layout_cave_pools
D:13:     layout_cave_pools, special_room [special_room_orc],
          nicolae_shop_fire_sale [nicolae_sub_dead_trees], uniq_urug
Temple:   mainiacjoe_temple_starburst
Lair:1:   layout_hall_layers, pdpol_lair_cabin_in_the_woods
Lair:2:   beast_lair_carwin_large_3, layout_loops_ring,
          infiniplex_staircase_pool_2, lemuel_fruit_fields, uniq_amaemon
Lair:3:   layout_hall_layers, skrybe_swamp_entry_bodies,
          guppyfry_snake_entry_garden, basic_altar
Lair:4:   gammafunk_worm_tunnel, layout_long_grid, slime_entry_1,
          gammafunk_ghost_split, lookout_lair_type,
          grunt_forest_stairs_clearing, uniq_snorg
Lair:5:   hangedman_lair_tendril_chambers, layout_gridlike,
          nicolae_lair_lil_pond
Orc:1:    layout_diamond_mine, gammafunk_ghost_stat_death, serial_shops, shop
Orc:2:    grunt_orc_cross, layout_diamond_mine, basic_altar

Skill      XL: |  1  2  3  4  5  6  7  8  9 10 11 12 13 14 |
---------------+-------------------------------------------+-----
Spellcasting   | 3 4 5 6 8 9 11 13 15 16 18 20 21 | 21.0
Fighting       | 1 4 5 |  5.8
Summonings     | 4 5 6 7 |  7.0
Necromancy     | 1 5 8 10 13 14 15 | 15.5
Ice Magic      | 2 3 |  3.0
Dodging        | 3 5 |  5.1
Stealth        | |  1.5

Action                     |  1- 3 |  4- 6 |  7- 9 | 10-12 | 13-15 || total
---------------------------+-------+-------+-------+-------+-------++-------
  Melee: Unarmed           |     5 |       |       |       |       ||     5
         Club              |     6 |       |       |       |       ||     6
         Dagger            |    72 |   158 |       |       |       ||   230
         Punch             |       |     2 |       |       |       ||     2
         Trident           |       |     5 |     1 |       |       ||     6
         Halberd           |       |       |   160 |     5 |    10 ||   175
         Glaive            |       |       |       |   186 |    88 ||   274
   Cast: Summon Small Mamm |     8 |       |       |       |       ||     8
         Call Imp          |    19 |    24 |    16 |    22 |     1 ||    82
         Call Canine Famil |     1 |    10 |    18 |    31 |     9 ||    69
         Summon Guardian G |       |     4 |    11 |    17 |     6 ||    38
         Anguish           |       |       |       |    12 |     4 ||    16
         Borgnjor's Vile C |       |       |       |    24 |    45 ||    69
         Death Channel     |       |       |       |     7 |     4 ||    11
         Summon Lightning  |       |       |       |     3 |     2 ||     5
         Simulacrum        |       |       |       |    24 |    22 ||    46
         Cigotuvi's Dreadf |       |       |       |     1 |     1 ||     2
         Vampiric Draining |       |       |       |     1 |       ||     1
         Dispel Undead     |       |       |       |       |    18 ||    18
         Infestation       |       |       |       |       |    29 ||    29
 Invoke: Receive Forbidden |       |       |       |       |     1 ||     1
  Evoke: Wand              |       |       |       |     9 |     1 ||    10
         Phantom mirror    |       |       |       |       |     1 ||     1
    Use: Scroll            |       |       |       |    13 |     6 ||    19
   Stab: Distracted        |       |       |     2 |     4 |     2 ||     8
         Sleeping          |       |       |     1 |       |       ||     1
 Armour: Robe              |    22 |    52 |    19 |    63 |    45 ||   201
  Dodge: Dodged            |    56 |   101 |   121 |   190 |   173 ||   641
